 Dungeon Crawl Stone Soup version 0.26-a0-845-gfacbca91cf (webtiles) character file.

Game seed: 12851079990873439311

2454 Kae the Martial Artist (level 9, -4/48 HPs)
             Began as a Tengu Transmuter on Nov 19, 2020.
             Was an Initiate of Hepliaklqana.
             Slain by Duvessa
             ... wielding a +2 short sword of speed
              (16 damage)
             ... on level 7 of the Dungeon.
             The game lasted 00:07:15 (7086 turns).

Kae the Martial Artist (Tengu Transmuter)           Turns: 7086, Time: 00:07:15

Health: -4/48      AC:  2    Str: 13    XL:     9   Next: 50%
Magic:  12/14      EV: 24    Int: 15    God:    Hepliaklqana [......]
Gold:   364        SH:  0    Dex: 19    Spells: 10/14 levels left

rFire    . . .     SeeInvis .     - Unarmed
rCold    . . .     Faith    .   (shield currently unavailable)
rNeg     . . .     Spirit   .   (armour currently unavailable)
rPois    x         Reflect  .   (helmet currently unavailable)
rElec    .         Harm     .   (cloak currently unavailable)
rCorr    .         Rampage  .   (gloves currently unavailable)
MR       .....                  (boots unavailable)
Stlth    +.........             (no amulet)
HPRegen  0.16/turn              (no ring)
MPRegen  0.14/turn              (no ring)

@: lethally poisoned (-4 -> -23), about to teleport, spider-form, flying quickly
and evasively, glowing, quick
A: tiny, reduced essence, able to fly
a: Stop Flying, End Transformation, Recall Ancestor, Ancestor Identity, Renounce
Religion


You were on level 7 of the Dungeon.
You worshipped Hepliaklqana.
Hepliaklqana was noncommittal.
You were a venomous arachnid creature.
You visited 2 branches of the dungeon, and saw 8 of its levels.

You collected 364 gold pieces.

Inventory:

Armour
 a - a +1 robe
 n - the cursed +0 robe of the Blessed Realm (melded) {Regen+ rCorr Dex+3 Stlth+}
   (You found it on level 4 of the Dungeon)

   It affects your dexterity (+3).
   It increases your rate of regeneration.
   It provides partial protection from all sources of acid and corrosion.
   It makes you more stealthy.
   It has a curse placed upon it.
Jewellery
 i - a cursed ring of teleportation {unknown}
Wands
 o - a wand of paralysis (7)
 q - a wand of polymorph (6)
Scrolls
 d - 12 scrolls of remove curse
 h - a scroll of enchant armour
 k - a scroll of teleportation
 m - a scroll of blinking
 u - a scroll of fog {unknown}
Potions
 b - a potion of invisibility {unknown}
 c - 2 potions of flight
 e - 4 potions of heal wounds
 f - a potion of lignification
 g - 4 potions of resistance {unknown}
 j - 2 potions of brilliance
 l - a potion of haste
 p - a potion of magic
 r - a potion of attraction
 s - 4 potions of curing {unknown}
 t - a potion of ambrosia


   Skills:
 + Level 5.2 Fighting
 - Level 2.1 Dodging
 * Level 9.1 Unarmed Combat
 - Level 3.0 Spellcasting
 * Level 6.5 Transmutations
 - Level 2.0 Poison Magic


You had 10 spell levels left.
You knew the following spells:

 Your Spells              Type           Power        Failure   Level
a - Beastly Appendage     Tmut           ###...       6%          1
b - Spider Form           Tmut/Pois      ###.......   26%         3

Your spell library contained the following spells:

 Spells                   Type           Power        Failure   Level
 Wereblood                Tmut           ###.....     8%          2
 Blade Hands              Tmut           ###.......   58%         5
 Ice Form                 Ice/Tmut       ##......     67%         4


Dungeon Overview and Level Annotations

Branches:
Dungeon (7/15)             Temple (1/1) D:6

Altars:
Ashenzari
Cheibriados
Dithmenos
Elyvilon
Fedhas
Gozag
Hepliaklqana
Kikubaaqudgha
Makhleb
Nemelex Xobeh
Okawaru
Qazlal
Ru
Sif Muna
Trog
Uskayaw
Vehumet
Wu Jian
Xom
Yredelemnul
Zin
The Shining One

Shops:
D:4 }

Annotations:
D:4 3 runed translucent doors, nojaa's ghost, novice KoEn
D:7 Duvessa


Innate Abilities, Weirdness & Mutations

((You have a beak for a mouth.))
((You have claws for feet.))
You can fly continuously.
Your life essence is reduced to manifest your ancestor. (-10% HP)


Message History

You feel very sick.
Dowan casts a spell.
Dowan blinks!
Duvessa zaps a wand.
The puff of flame hits you.
You feel sick.
You feel sick.
Duvessa screams, "No!
How DARE you!"
Duvessa goes berserk!
You feel a bit more experienced. Duvessa completely misses you.
Duvessa misses you.
You hit Duvessa but do no damage.
Duvessa is poisoned.
You feel sick. Duvessa hits you but does no damage.
You hit Duvessa but do no damage.
You feel sick. Duvessa closely misses you. x2
As you read the scroll of teleportation, it crumbles to dust.
You feel strangely unstable.
You feel sick.
Duvessa hits you with a +2 short sword of speed!
* * * LOW HITPOINT WARNING * * *
* * * LOW HITPOINT WARNING * * *
You feel sick.
Duvessa rages.
Duvessa hits you with a +2 short sword of speed!
You die...

#.........................
##..##...)..##....))......
#.........###....)...Y...
##...##...###......O..##.
#####....#.......#<..###
#..................# ♣♣
#......###....<....#
♣...#....### ##........#
.......s.## ##........
♣......e..# #........
♣♣..#.##.## #...###..
♣♣####... .....# ##. #.##.
....## ## .. .. ..... #..
.. ### ... .##


You could see Duvessa (berserk, very poisoned).

Vanquished Creatures
  Prince Ribbit (D:6)
  Grinder (D:5)
  Sigmund (D:6)
  Menkaure (D:4)
  A hornet zombie (D:7)
  A sky beast (D:7)
  An ice beast (D:7)
  2 centaurs
  3 ogres
  Blork the orc (D:5)
  3 bullfrogs (D:6)
  A scorpion (D:4)
  Dowan (D:7)
  2 hounds
  2 quasits (D:6)
  A centaur skeleton (D:6)
  4 orc wizards
  2 orc priests (D:3)
  2 iguanas
  A worker ant (D:6)
  A hound zombie (D:6)
  A hound skeleton (D:4)
  10 adders
  6 gnolls
  A shadow imp (D:7)
  2 white imps
  5 oozes
  An adder skeleton (D:6)
  3 worms
  A dart slug (D:4)
  4 leopard geckos
  20 orcs
  8 giant cockroaches
  8 hobgoblins
  4 jackals
  5 kobolds
  4 quokkas
  A ball python (D:3)
  6 bats
  4 frilled lizards
  9 goblins
  A jackal skeleton (D:5)
  9 rats
146 creatures vanquished.

Vanquished Creatures (others)
  A human (D:7)
1 creature vanquished.

Grand Total: 147 creatures vanquished

Notes
Turn   | Place    | Note
-------+----------+-------------------------------------------
     0 | D:1      | Kae the Tengu Transmuter began the quest for the Orb.
     0 | D:1      | Reached XP level 1. HP: 12/12 MP: 4/4
   183 | D:1      | Reached XP level 2. HP: 16/16 MP: 4/6
   599 | D:1      | Reached XP level 3. HP: 13/20 MP: 7/7
  1067 | D:2      | Reached skill level 4 in Unarmed Combat
  1363 | D:2      | Reached XP level 4. HP: 23/25 MP: 6/8
  1849 | D:2      | Learned a level 3 spell: Spider Form
  2304 | D:3      | Gained mutation: You can fly continuously. [Tengu growth]
  2304 | D:3      | Reached XP level 5. HP: 18/30 MP: 7/9
  2598 | D:3      | Reached skill level 1 in Poison Magic
  2993 | D:3      | Reached XP level 6. HP: 30/35 MP: 7/11
  3127 | D:3      | Found a sparkling altar of Nemelex Xobeh.
  3180 | D:4      | Reached skill level 5 in Unarmed Combat
  3739 | D:4      | Found a runed translucent gate.
  3740 | D:4      | Found a runed translucent gate.
  3741 | D:4      | Found a runed translucent gate.
  3743 | D:4      | Noticed Menkaure
  3758 | D:4      | Killed Menkaure
  3759 | D:4      | Reached XP level 7. HP: 34/40 MP: 6/12
  3761 | D:4      | Noticed nojaa's ghost (novice KoEn)
  4703 | D:4      | Got a bloodstained robe
  4714 | D:4      | Identified the cursed +0 robe of the Blessed Realm {Regen+
                  | rCorr Dex+3 Stlth+} (You found it on level 4 of the
                  | Dungeon)
  4773 | D:4      | Found Kisitzing's Gadget Emporium.
  4798 | D:4      | Reached skill level 6 in Unarmed Combat
  4976 | D:5      | Entered Level 5 of the Dungeon
  5239 | D:5      | Noticed Grinder
  5251 | D:5      | Killed Grinder
  5252 | D:5      | Reached XP level 8. HP: 34/46 MP: 10/13
  5499 | D:5      | Noticed Blork the orc
  5576 | D:5      | Killed Blork the orc
  5741 | D:6      | Reached skill level 7 in Unarmed Combat
  5758 | D:6      | Noticed Prince Ribbit
  5770 | D:6      | Killed Prince Ribbit
  5771 | D:6      | Reached skill level 5 in Transmutations
  5989 | D:6      | Reached skill level 8 in Unarmed Combat
  6038 | D:6      | Found a staircase to the Ecumenical Temple.
  6039 | D:6      | Noticed Sigmund
  6056 | D:6      | Killed Sigmund
  6057 | D:6      | Reached XP level 9. HP: 31/52 MP: 11/14
  6064 | Temple   | Entered the Ecumenical Temple
  6225 | Temple   | Became a worshipper of Hepliaklqana the Forgotten
  6788 | D:7      | Reached skill level 5 in Fighting
  6995 | D:7      | Found an ancient bone altar of Kikubaaqudgha.
  7038 | D:7      | Reached skill level 9 in Unarmed Combat
  7070 | D:7      | Noticed Dowan
  7076 | D:7      | Noticed Duvessa
  7082 | D:7      | Killed Dowan
  7086 | D:7      | Slain by Duvessa

Illustrated notes

Levels and vault maps discovered:
D:1:      matt_arrival_refuge, layout_basic
D:2:      layout_loops_cross, kennysheep_generic_room_13
D:3:      layout_rooms, lemuel_round_altar
D:4:      layout_basic, gammafunk_ghost_split, serial_shops, shop,
          minmay_misc_feat_rugged, uniq_menkaure
D:5:      layout_basic, uniq_grinder, uniq_blork_the_orc
D:6:      layout_rooms, minmay_temple_entry_antechambers, uniq_prince_ribbit1,
          uniq_sigmund
D:7:      layout_cave_pools, tgw_kikubaaqudgha, uniq_crazy_yiuf_cottage,
          uniq_duvessa
Temple:   kilobyte_greek_temple

Skill      XL: |  1  2  3  4  5  6  7  8  9 |
---------------+----------------------------+-----
Transmutations | 2 3 4 5 6 |  6.5
Unarmed Combat | 4 5 6 8 9 |  9.1
Poison Magic   | 1 2 |  2.0
Fighting       | 2 3 4 5 |  5.2
Spellcasting   | 3 |  3.0
Dodging        | |  2.1

Action                   |  1- 3 |  4- 6 |  7- 9 || total
-------------------------+-------+-------+-------++-------
Melee: Unarmed           |    63 |   134 |   240 ||   437
       Peck              |     9 |     9 |     6 ||    24
       Kick              |    14 |    15 |     8 ||    37
       Headbutt          |     4 |     5 |     3 ||    12
       Punch             |     2 |     1 |       ||     3
 Cast: Beastly Appendage |    13 |    17 |     5 ||    35
       Spider Form       |       |    13 |    29 ||    42
 Abil: Fly               |       |       |     1 ||     1
  Use: Potion            |     1 |     1 |       ||     2
       Scroll            |       |    10 |     7 ||    17
 Stab: Sleeping          |       |       |     1 ||     1
Armor: Robe              |    14 |     5 |     4 ||    23
       Skin              |       |     7 |    11 ||    18
Dodge: Dodged            |    43 |   106 |   255 ||   404

Table legend: (Time is in decaauts)
 A = Elapsed time spent in this place.
 B = Non-inter-level travel time spent in this place.
 C = Inter-level travel time spent in this place.
 D = Time resting spent in this place.
 E = Time spent auto-exploring this place.
 F = Levels seen in this place.
 G = Mean time per level.
                   A        B        C        D        E       F      G
               +--------+--------+--------+--------+--------+-----+--------+
         Total |   6921 |   6694 |    227 |   1086 |   4497 |   8 |  865.1 |
       Dungeon |   6745 |   6544 |    201 |   1086 |   4360 |   7 |  963.6 |
        Temple |    176 |    150 |     26 |      0 |    137 |   1 |  176.0 |
               +--------+--------+--------+--------+--------+-----+--------+

Top non-repeatable levels by time:
     D:2: 1412 daAuts
     D:4: 1358 daAuts
     D:3: 1162 daAuts
     D:1: 1023 daAuts
     D:6: 700 daAuts
     D:5: 665 daAuts
     D:7: 421 daAuts
  Temple: 176 daAuts
